 Dungeon Crawl Stone Soup version 0.28.0-43-g3370ac3207 (webtiles) character file.

Game seed: 2948699951264621397

56049 n00bb0dy the Fencer (level 14, -2/132 HPs)
             Began as a Minotaur Berserker on Mar 28, 2022.
             Was an Elder of Trog.
             Slain by an orc knight
             ... wielding a +2 long sword
              (31 damage)
             ... on level 1 of the Orcish Mines.
             The game lasted 00:53:21 (25592 turns).

n00bb0dy the Fencer (Minotaur Berserker)           Turns: 25592, Time: 00:53:22

Health: -2/132     AC: 18    Str: 27    XL:     14   Next: 40%
Magic:  13/13      EV: 14    Int:  7    God:    Trog [****..]
Gold:   2528       SH:  0    Dex: 10    Spells: 13/13 levels left

rFire   + + .      SeeInvis +   U - +14 obsidian axe {vorpal, Mesm Drain Fly SInv}
rCold   . . .      Faith    .   a - orb {mayhem}
rNeg    . . .      Spirit   .   M - +0 fire dragon scales
rPois   .          Reflect  .   S - +1 hat {Int+3}
rElec   .          Harm     .   c - +0 cloak
rCorr   .          Rampage  .   g - +0 pair of gloves
Will    +++..                   f - +0 pair of boots
Stlth   ..........              (no amulet)
HPRegen 1.32/turn               I - ring of protection from cold
MPRegen 0.13/turn               Q - +4 ring of slaying

@: strong-willed, flying, mesmerised, regenerating
A: horns 2, retaliatory headbutt
a: Renounce Religion, Berserk, Trog's Hand, Brothers in Arms


You were on level 1 of the Orcish Mines.
You worshipped Trog.
Trog was greatly pleased with you.
You visited 4 branches of the dungeon, and saw 18 of its levels.
You also visited: Bailey and Gauntlet.

You collected 2528 gold pieces.

Inventory:

Hand Weapons
 E - a +1 scimitar of electrocution
 U - the +14 obsidian axe (weapon) {vorpal, Mesm Drain Fly SInv}
   (You found it in a Gauntlet)

   It inflicts extra damage upon your enemies.
   It occasionally summons demons to assist the wielder when it strikes in
   combat.
   Its wielder is mesmerised by any visible foes.
   It cannot be unequipped while any foes are visible.
   SInv:      It lets you see invisible.
   Fly:       It grants you flight.
   Drain:     It drains your maximum health when unequipped.
Missiles
 J - a curare-tipped dart
 O - 27 boomerangs (quivered)
 W - 4 javelins
Armour
 a - an orb of mayhem (worn)
 c - a +0 cloak (worn)
 f - a +0 pair of boots (worn)
 g - a +0 pair of gloves (worn)
 w - +0 acid dragon scales
 M - +0 fire dragon scales (worn)
 S - a +1 hat of intelligence (worn)
 V - a +1 kite shield of protection
Jewellery
 e - a ring of willpower
 I - a ring of protection from cold (left hand)
 Q - a +4 ring of slaying (right hand)
 R - an amulet of magic regeneration
Wands
 i - a wand of mindburst (6)
 s - a wand of acid (24)
 u - a wand of paralysis (11)
 D - a wand of digging (5)
 X - a wand of flame (13)
 Z - a wand of iceblast (9)
Scrolls
 j - 2 scrolls of silence {unknown}
 m - a scroll of torment {unknown}
 n - a scroll of vulnerability {unknown}
 o - 2 scrolls of enchant armour {unknown}
 t - 3 scrolls of magic mapping
 y - 9 scrolls of teleportation {unknown}
 A - a scroll of brand weapon {unknown}
 B - 4 scrolls of blinking {unknown}
 C - a scroll of fog {unknown}
 G - 2 scrolls of enchant weapon {unknown}
 H - 3 scrolls of immolation {unknown}
 L - a scroll of summoning {unknown}
 P - 2 scrolls of amnesia {unknown}
 T - a scroll of noise {unknown}
Potions
 d - 3 potions of might
 h - 2 potions of haste
 k - 5 potions of invisibility
 l - 5 potions of heal wounds
 p - a potion of ambrosia
 q - 6 potions of curing
 v - a potion of cancellation {unknown}
 x - 4 potions of mutation
 z - 4 potions of attraction
 Y - a potion of magic {unknown}
Miscellaneous
 b - a phantom mirror
 K - a lightning rod (4/4)


   Skills:
 + Level 14.2 Fighting
 - Level 16.1 Long Blades
 * Level 11.3 Axes
 + Level 13.9 Armour
 + Level 12.8 Dodging


You had 13 spell levels left.
You didn't know any spells.
Your spell library was empty.

Dungeon Overview and Level Annotations

Branches:
Dungeon (10/15)            Temple (1/1) D:4            Lair (6/6) D:8
 Shoals (0/4) Lair:4       Spider (0/4) Lair:2        Slime (0/5) Lair:6
    Orc (1/2) D:9          Bailey (visited)         Gauntlet (visited)

Altars:
Ashenzari
Cheibriados
Dithmenos
Elyvilon
Fedhas
Gozag
Hepliaklqana
Kikubaaqudgha
Makhleb
Nemelex Xobeh
Okawaru
Qazlal
Ru
Sif Muna
Trog
Uskayaw
Vehumet
Wu Jian
Xom
Yredelemnul
Zin
The Shining One
Jiyva

Annotations:
D:6 2 runed translucent doors, Ablot's ghost, novice GnWr; Crazy Yiuf
Orc:1 Snorg


Innate Abilities, Weirdness & Mutations

You have a pair of horns on your head.
You reflexively headbutt those who attack you in melee.


Message History

You hear a shout!
You take 2 damage, and have 63/132 hp.
You slash the orc warrior!
You are no longer entranced.
You kill the orc warrior!
Trog accepts your kill.
You slash the troll! You closely miss Snorg.
Visions of slaying Snorg flood into your mind.
Snorg bites you. Snorg claws you but does no damage. Snorg claws you.
The troll barely misses you. You furiously retaliate!
You headbutt the troll!
You kill the troll!
Trog accepts your kill.
The troll leather armour is intact enough to wear.
The orc knight hits you with a +2 long sword.
You take 10 damage, and have 53/132 hp.
You barely miss Snorg. Your headbutt misses Snorg.
Snorg is heavily wounded.
Snorg misses you. You furiously retaliate!
You headbutt Snorg. Snorg closely misses you.
Snorg claws you but does no damage.
The orc knight hits you with a +2 long sword!
Snorg bites you but does no damage. Snorg closely misses you. x2
The orc knight hits you with a +2 long sword!!
* * * LOW HITPOINT WARNING * * *
You take 36 damage, and have 17/132 hp.
MASSIVE DAMAGE!!
Okay, then.
You barely miss Snorg.
Snorg is severely wounded.
Snorg barely misses you. Snorg misses you. Snorg claws you!
* * * LOW HITPOINT WARNING * * *
The orc knight hits you with a +2 long sword.
* * * LOW HITPOINT WARNING * * *
An orc comes into view. It is wielding a +0 whip.
Snorg barely misses you. Snorg claws you.
* * * LOW HITPOINT WARNING * * *
Snorg claws you but does no damage.
You take 8 damage, and have 9/132 hp.
Okay, then.
You feel much better.
The orc knight hits you with a +2 long sword!!
You die...

##..........
........... ###
..........##..#
. ....#...#....
........$.....#
#..#..........
#.....T)......
#.@>...#
#....[o.....o
##.##........ #
##...)...
#...... #.....
..... .....


You could see Snorg (mesmerising, berserk), an orc and a neutral orc knight
(fast, strong, insane).

Vanquished Creatures
  Gastronok (Lair:1)
  A minotaur (Gauntlet)
  A dire elephant (Lair:4)
  A fire dragon (Lair:6)
  A hydra (Lair:6)
  The ghost of ouz the Spear-Bearer, a journeyman DsGl of Okawaru (Lair:2)
  A two-headed ogre (D:8)
  A death yak (Lair:1)
  A swamp dragon (Lair:6)
  A wizard (Gauntlet)
  A wolf spider (Lair:6)
  A guardian serpent (Lair:6)
  A centaur zombie (D:10)
  Joseph (D:9)
  8 black mambas
  2 elephants (Lair:6)
  A guardian serpent (shapeshifter) (D:10)
  A molten gargoyle (Lair:3)
  Psyche (D:9)
  9 torpor snails
  Maggie (D:9)
  3 komodo dragons
  19 cane toads
  A kobold demonologist (D:10)
  7 rime drakes
  7 polar bears
  A troll (Orc:1)
  A hornet (Lair:6)
  A tyrant leech (Gauntlet)
  19 dream sheep
  14 blink frogs
  5 jumping spiders (Lair:2)
  2 culicivoras (Lair:2)
  2 shadows (Gauntlet)
  A wraith (D:10)
  21 yaks
  7 wyverns
  A basilisk (Lair:6)
  4 steam dragons
  4 redbacks
  3 swamp worms (Gauntlet)
  3 acid dragons
  Duvessa (D:4)
  23 water moccasins
  14 orc warriors
  3 swamp drakes (Lair:6)
  2 ogres
  4 sky beasts
  A hornet zombie (D:8)
  3 necrophages
  8 wolves
  3 centaurs
  A kobold brigand (D:8)
  15 bullfrogs
  A wyvern zombie (D:7)
  3 scorpions
  A water moccasin skeleton (D:4)
  Dowan (D:4)
  5 killer bees (D:9)
  5 wights (D:6)
  3 howler monkeys
  A jelly (D:5)
  2 orc priests
  A bullfrog zombie (D:5)
  A gnoll shaman (D:8)
  A hound (D:5)
  A bullfrog skeleton (D:5)
  4 iguanas
  10 orc wizards
  A hound zombie (D:5)
  2 howler monkey zombies (D:9)
  5 gnolls
  12 adders
  3 shadow imps
  A white imp (D:7)
  2 ufetubi
  A dart slug (D:1)
  31 orcs
  5 ball pythons
  5 endoplasms
  3 giant cockroaches (D:1)
  14 goblins
  8 hobgoblins
  3 jackals (D:2)
  19 kobolds
  5 quokkas
  2 bats (D:1)
  12 frilled lizards
  7 rats
  4 fungi (Lair:5)
426 creatures vanquished.

Vanquished Creatures (collateral kills)
  2 hydras
  A wolf spider (Lair:6)
  3 elephants (Lair:6)
  2 black mambas (Lair:6)
  2 cane toads (Lair:6)
  A rime drake (Lair:6)
  A komodo dragon (Lair:6)
  A polar bear (Lair:4)
  A hornet (Lair:6)
  2 dream sheep
  6 blink frogs
  3 wyverns (Lair:6)
  7 yaks
  A basilisk (Lair:4)
  A steam dragon (Lair:6)
  4 water moccasins (Lair:6)
  7 wolves (Lair:6)
  A bullfrog (Lair:4)
  An orc (Orc:1)
47 creatures vanquished.

Vanquished Creatures (others)
  A wizard (D:9)
  An iguana (Lair:6)
  38 fungi
  123 plants
163 creatures vanquished.

Grand Total: 636 creatures vanquished

Notes
Turn   | Place    | Note
-------+----------+-------------------------------------------
     0 | D:1      | n00bb0dy the Minotaur Berserker began the quest for the
                  | Orb.
     0 | D:1      | Reached XP level 1. HP: 19/19 MP: 0/0
   309 | D:1      | Reached XP level 2. HP: 26/27 MP: 1/1
   313 | D:1      | Reached skill level 4 in Long Blades
   422 | D:1      | Found a faded altar of an unknown god.
   963 | D:1      | Reached ** piety under Trog
  1146 | D:1      | Reached XP level 3. HP: 32/33 MP: 2/2
  1920 | D:2      | Reached XP level 4. HP: 40/40 MP: 3/3
  2471 | D:3      | Found a sacrificial altar of Ru.
  2582 | D:3      | Found a shadowy altar of Dithmenos.
  2700 | D:3      | Reached skill level 5 in Long Blades
  2729 | D:3      | Reached XP level 5. HP: 22/47 MP: 4/4
  3337 | D:4      | Noticed Duvessa
  3337 | D:4      | Noticed Dowan
  3402 | D:4      | Found a staircase to the Ecumenical Temple.
  3551 | Temple   | Entered the Ecumenical Temple
  4039 | D:4      | Found an iron altar of Okawaru.
  4509 | D:4      | Killed Duvessa
  4510 | D:4      | Reached skill level 5 in Fighting
  4510 | D:4      | Reached skill level 6 in Long Blades
  4510 | D:4      | Reached XP level 6. HP: 56/56 MP: 5/5
  4519 | D:4      | Killed Dowan
  4865 | D:5      | Entered Level 5 of the Dungeon
  4865 | D:5      | You fall into a shaft and drop 3 floors!
  4878 | D:8      | Reached XP level 7. HP: 52/61 MP: 6/6
  5035 | D:8      | Identified the +1 trident of Responsibility {pain, Int+3}
  5053 | D:7      | Reached skill level 7 in Long Blades
  5691 | D:7      | Reached skill level 5 in Armour
  5826 | D:7      | Reached skill level 8 in Long Blades
  5826 | D:7      | Reached skill level 5 in Dodging
  5826 | D:7      | Reached XP level 8. HP: 16/70 MP: 7/7
  6205 | D:5      | Found a shimmering blue altar of Sif Muna.
  6218 | D:5      | Found an ancient bone altar of Kikubaaqudgha.
  6230 | D:5      | Found a radiant altar of Vehumet.
  6841 | D:5      | Reached skill level 9 in Long Blades
  7347 | D:6      | Reached XP level 9. HP: 61/75 MP: 8/8
  7571 | D:6      | Found a runed translucent door.
  7571 | D:6      | Noticed Ablot's ghost (novice GnWr)
  7682 | D:6      | Found a runed translucent door.
  7683 | D:6      | Noticed Crazy Yiuf
  7918 | D:7      | Reached *** piety under Trog
  7919 | D:7      | Reached skill level 10 in Long Blades
  8364 | D:7      | Found a broken altar of Ashenzari.
  8369 | D:7      | Found an opulent altar of Gozag.
  9069 | D:8      | Found a staircase to the Lair.
  9110 | D:8      | Noticed a two-headed ogre
  9126 | D:8      | Killed a two-headed ogre
  9541 | D:8      | Reached skill level 11 in Long Blades
  9890 | D:8      | Found an ornate altar of the Wu Jian Council.
  9897 | D:8      | Found a glowing silver altar of Zin.
 10366 | D:9      | Noticed Maggie
 10421 | D:9      | Reached XP level 10. HP: 90/90 MP: 9/9
 10537 | D:9      | Noticed Joseph
 10549 | D:9      | Killed Joseph
 10708 | D:9      | Killed Maggie
 10709 | D:9      | Reached skill level 12 in Long Blades
 10711 | D:9      | Found a flagged portal.
 10718 | Bailey   | Entered a bailey
 11801 | D:9      | Found a staircase to the Orcish Mines.
 11824 | D:9      | Noticed Psyche
 11841 | D:9      | Killed Psyche
 11956 | D:9      | Found a bloodstained altar of Trog.
 11957 | D:9      | Noticed a wizard
 11962 | D:9      | Killed a wizard
 12157 | D:10     | Entered Level 10 of the Dungeon
 12205 | D:10     | Reached skill level 13 in Long Blades
 12463 | D:10     | Reached XP level 11. HP: 94/99 MP: 10/10
 12497 | D:10     | Reached skill level 10 in Fighting
 13106 | Lair:1   | Entered Level 1 of the Lair of Beasts
 13163 | Lair:1   | Noticed a death yak
 13172 | Lair:1   | Killed a death yak
 13674 | Lair:1   | Found a snail-covered altar of Cheibriados.
 13690 | Lair:1   | Reached skill level 14 in Long Blades
 13690 | Lair:1   | Reached skill level 10 in Armour
 14028 | Lair:1   | Reached **** piety under Trog
 14237 | Lair:1   | Noticed Gastronok
 14319 | Lair:1   | Killed Gastronok
 14521 | Lair:1   | You fall into a shaft and drop 1 floor!
 14763 | Lair:2   | Found a runed translucent door.
 15306 | Lair:2   | Noticed ouz's ghost (journeyman DsGl)
 15682 | Lair:2   | Found a hole to the Spider Nest.
 15713 | Lair:2   | Reached skill level 15 in Long Blades
 15764 | Lair:2   | Reached skill level 10 in Dodging
 15764 | Lair:2   | Reached XP level 12. HP: 43/110 MP: 11/11
 16376 | Lair:3   | Found a gate leading to a gauntlet.
 16389 | Gauntlet | Entered a Gauntlet
 16389 | Gauntlet | Found a transporter.
 16402 | Gauntlet | Found a transporter.
 16419 | Gauntlet | Found a transporter.
 16426 | Gauntlet | Found a transporter.
 16444 | Gauntlet | Found a transporter.
 16464 | Gauntlet | Found a transporter.
 16467 | Gauntlet | Noticed a reaper
 16472 | Gauntlet | Found a large runed translucent door.
 16472 | Gauntlet | Noticed an entropy weaver
 16473 | Gauntlet | Found a large runed translucent door.
 16474 | Gauntlet | Found a large runed translucent door.
 16474 | Gauntlet | Found a large runed translucent door.
 16475 | Gauntlet | Found a runed translucent gate.
 16476 | Gauntlet | Found a transporter.
 16476 | Gauntlet | Found a runed translucent gate.
 16477 | Gauntlet | Found a runed translucent gate.
 16478 | Gauntlet | Found a large runed translucent door.
 16478 | Gauntlet | Found a large runed translucent door.
 16479 | Gauntlet | Found a large runed translucent door.
 16480 | Gauntlet | Found a large runed translucent door.
 16485 | Gauntlet | Noticed a ghost crab
 16488 | Gauntlet | Found a transporter.
 16500 | Gauntlet | Found a transporter.
 16512 | Gauntlet | Found a transporter.
 16530 | Gauntlet | Found a transporter.
 16550 | Gauntlet | Found a transporter.
 16552 | Gauntlet | Found a transporter.
 16592 | Gauntlet | Found a transporter.
 16592 | Gauntlet | Found a transporter.
 16594 | Gauntlet | Found a transporter.
 16642 | Gauntlet | Found a transporter.
 16644 | Gauntlet | Found a transporter.
 16646 | Gauntlet | Found a large runed translucent door.
 16646 | Gauntlet | Found a large runed translucent door.
 16647 | Gauntlet | Found a large runed translucent door.
 16647 | Gauntlet | Found a large runed translucent door.
 16841 | Gauntlet | Found a large runed translucent door.
 16841 | Gauntlet | Found a large runed translucent door.
 16841 | Gauntlet | Found a runed translucent door.
 16841 | Gauntlet | Found a runed translucent door.
 16996 | Gauntlet | Found a large runed translucent door.
 16997 | Gauntlet | Found a large runed translucent door.
 17061 | Gauntlet | Identified the -6 pair of boots "Neodgh" {rF+ Will+}
 17328 | Gauntlet | Noticed a minotaur
 17339 | Gauntlet | Killed a minotaur
 17359 | Gauntlet | Found the +14 obsidian axe {vorpal, Mesm Drain Fly SInv}
 17750 | Lair:3   | Reached skill level 16 in Long Blades
 18667 | Lair:4   | Found a staircase to the Shoals.
 18694 | Lair:4   | Reached skill level 1 in Axes
 19114 | Lair:4   | Noticed a dire elephant
 19124 | Lair:4   | Killed a dire elephant
 19487 | Lair:4   | Reached skill level 5 in Axes
 19487 | Lair:4   | Reached XP level 13. HP: 119/119 MP: 12/12
 21349 | Lair:6   | Entered Level 6 of the Lair of Beasts
 21358 | Lair:6   | HP: 2/122 [yak (7)]
 22541 | Lair:6   | Reached ***** piety under Trog
 22879 | Lair:6   | Reached XP level 14. HP: 112/130 MP: 13/13
 22962 | Lair:6   | Reached skill level 10 in Axes
 24650 | Lair:6   | Identified the +7 morningstar of Extremism {freeze, Dex+2}
 25039 | Lair:6   | Found a viscous altar of Jiyva.
 25040 | Lair:6   | Found a staircase to the Slime Pits.
 25450 | Lair:2   | Killed ouz's ghost
 25580 | Orc:1    | Entered Level 1 of the Orcish Mines
 25580 | Orc:1    | Noticed Snorg
 25592 | Orc:1    | Slain by an orc knight

Illustrated notes

Levels and vault maps discovered:
D:1:      eino_arrival_cavern_e, layout_basic,
          hellmonk_ecumenical_altar_arch_garden, minmay_lizard_king
D:2:      layout_basic
D:3:      layout_basic, mainiacjoe_overflow_chevrons,
          nicolae_ru_sacrificial_ziggurat
D:4:      layout_cave_pods, mainiacjoe_overflow_24_doors,
          minmay_temple_entry_mist, uniq_duvessa
D:5:      layout_basic, palyth_temple_overflow_mages
D:6:      layout_cave_pools, ebering_ghost_reflecting_pool,
          uniq_crazy_yiuf_cottage
D:7:      layout_layer_cave, nicolae_overflow_hidden_temple
D:8:      layout_gridville, jmf_multi_god_temple, lair_entry_dummy,
          lemuel_old_faithful
D:9:      layout_gridville, trog_wizard, hiddenorc1_lemuel, enter_bailey_3,
          uniq_psyche, uniq_maggie, uniq_joseph
D:10:     layout_layer_cave
Temple:   minmay_temple_curvy_loop
Lair:1:   layout_small_grid, serial_bayou_pond_e, serial_bayou_pond_e,
          kennysheep_snail_temple, uniq_gastronok
Lair:2:   layout_chaotic_city, nicolae_spider_entry_tight_spaces,
          hellmonk_ghost_happy_afterlife
Lair:3:   layout_gridlike, gauntlet_entry_generic, chequers_serial_rivers_room_b
Lair:4:   nzn_winding_woodlands_three_and_one
          [nzn_winding_woodlands_5x15_zeroes, nzn_winding_woodlands_5x15_cabin,
          nzn_winding_woodlands_5x15_jagged,
          nzn_winding_woodlands_center_pierced_h], layout_regular_city,
          elwin_shoals_entry_rocks, grunt_megastairs_1
Lair:5:   layout_cave_pods, lemuel_fruit_fields, grunt_megastairs_2
Lair:6:   guppyfry_lair_end_dragon, layout_hall_layers,
          hangedman_lair_tendril_chambers, dpeg_slime_entry_enclosed_altar,
          infiniplex_staircase_pool_2
Orc:1:    layout_caves, uniq_snorg

Skill      XL: |  1  2  3  4  5  6  7  8  9 10 11 12 13 14 |
---------------+-------------------------------------------+-----
Long Blades    | 4 5 6 8 9 11 13 15 16 | 16.1
Fighting       | 4 5 6 7 8 9 11 12 13 14 | 14.2
Armour         | 3 4 5 6 8 9 10 12 13 | 13.9
Dodging        | 3 4 5 6 7 8 10 11 12 | 12.8
Axes           | 5 9 11 | 11.3

Action                   |  1- 3 |  4- 6 |  7- 9 | 10-12 | 13-15 || total
-------------------------+-------+-------+-------+-------+-------++-------
Melee: Falchion          |    80 |   105 |   132 |       |       ||   317
       Headbutt          |     7 |    15 |    45 |    88 |    42 ||   197
       Long sword        |       |       |    44 |       |       ||    44
       Punch             |       |       |     6 |     7 |     3 ||    16
       Scimitar          |       |       |    71 |   410 |       ||   481
       Broad axe         |       |       |       |    52 |   235 ||   287
Throw: Boomerang         |       |       |       |    15 |     5 ||    20
Invok: Berserk           |       |     3 |     6 |    12 |     1 ||    22
       Trog's Hand       |       |       |     2 |    13 |     6 ||    21
       Brothers in Arms  |       |       |       |       |     3 ||     3
Evoke: Lightning rod     |       |       |       |     1 |       ||     1
  Use: Scroll            |       |       |       |    12 |       ||    12
       Potion            |       |       |       |     1 |     2 ||     3
 Stab: Distracted        |       |       |       |       |     2 ||     2
Armor: Animal skin       |    11 |     1 |       |       |       ||    12
       Ring mail         |       |    29 |     3 |       |       ||    32
       Acid dragon scale |       |       |   116 |   127 |    82 ||   325
       Fire dragon scale |       |       |       |       |    38 ||    38
Dodge: Dodged            |    59 |    62 |   171 |   297 |   233 ||   822
